AoeStats
← DerTyp

Arabia

508055690Analyzed
1v1 RM · 11d ago on Sep 20, 2026· 21m 21s· 2 players
Game mode
Random Map
Map size
Tiny (2 player)
Population
200
Speed
Normal
Resources
Standard
Victory
Conquest
Starting age
Dark Age
Ending age
Imperial Age
RankedLock teamsTeams togetherTeam positionsShared explorationLock speedFull tech treeHidden civsTurbo modeCheats
Victory
Defeat
🇨🇭 Ethiopians · Switzerland
1158
+15
🇩🇪 Poles · Germany
1140
-15
DerTyp
2:04 Loom
11:03 Feudal Age
11:33 Double-Bit Axe
11:33 Horse Collar
16:03 Scale Barding Armor
17:30 Forging
19:17 Fletching
Fux
7:02 Loom
9:58 Feudal Age
10:34 Double-Bit Axe
13:12 Fletching
23:33 Castle Age
Connection lost

Rejoining the realm…

Still unreachable

The connection could not be restored.

Session expired

The server has moved on; the page needs a fresh start.